 Dungeon Crawl Stone Soup version 0.17.0-9-g801d43b (webtiles) character file.

72 imganon the Conjurer (level 4, -4/32 HPs)
             Began as a Demonspawn Wizard on Nov 9, 2015.
             Killed from afar by an orc wizard (5 damage)
             ... with a puff of flame
             ... on level 2 of the Dungeon.
             The game lasted 00:11:49 (2944 turns).

imganon the Conjurer (Demonspawn Wizard)            Turns: 2944, Time: 00:11:50

Health: -4/32      AC:  4    Str:  8    XL:     4   Next: 7%
Magic:  3/8        EV: 12    Int: 20    God:
Gold:   165        SH:  0    Dex: 11    Spells: 3 memorised, 3 levels left

rFire  . . .     SeeInvis .     (no weapon)
rCold  + . .     Clarity  .     a - +0 robe
rNeg   . . .     SustAt   .     (no shield)
rPois  .         Gourm    .     b - +0 hat
rElec  .         Spirit   .     (no cloak)
rCorr  .         Warding  .     (no gloves)
rMut   .         Stasis   .     (no boots)
MR     .....                    (no amulet)
Stlth  ++........               (no ring)
                                (no ring)

@: not resistant to hostile enchantments, unstealthy
A: yellow scales 1, cold resistance 1, freezing cloud immunity
a: no special abilities


You were on level 2 of the Dungeon.
You were not hungry.

You visited 1 branch of the dungeon, and saw 3 of its levels.

You collected 165 gold pieces.

Inventory:

Armour
 a - a +0 robe (worn)
 b - a +0 hat (worn)
Scrolls
 e - a scroll of amnesia {unknown}
 g - a scroll of recharging {unknown}
 h - 2 scrolls of magic mapping {unknown}
 i - 2 scrolls of identify {unknown}
 j - a scroll of enchant weapon {unknown}
 l - a scroll of noise {unknown}
 q - a scroll of fear {unknown}
 r - a scroll of teleportation {unknown}
Potions
 m - a potion of magic {unknown}
 n - a potion of beneficial mutation {unknown}
 p - a potion of haste {unknown}
 s - a potion of ambrosia {unknown}
Books
 c - a book of Minor Magic

   Spells                             Type                      Level
   a - Magic Dart                     Conjuration                  1
   b - Blink                          Translocation                2
   c - Call Imp                       Summoning                    2
   d - Repel Missiles                 Charms/Air                   2
   e - Slow                           Hexes                        2
   f - Conjure Flame                  Conjuration/Fire             3
   g - Mephitic Cloud                 Conjuration/Poison/Air       3
Comestibles
 d - a bread ration
 f - 3 fruits
 k - a meat ration


   Skills:
 - Level 1.0 Fighting
 - Level 1.7 Dodging
 - Level 1.7 Stealth
 - Level 0.5 Unarmed Combat
 - Level 3.0 Spellcasting
 + Level 3.6 Conjurations
   Level 1.0 Summonings
 - Level 0.8 Translocations


You had 3 spell levels left.
You knew the following spells:

 Your Spells              Type           Power        Failure   Level  Hunger
a - Magic Dart            Conj           ###.         3%          1    None
b - Blink                 Tloc           N/A          17%         2    ##.....
c - Mephitic Cloud        Conj/Pois/Air  #.......     30%         3    ###....


Dungeon Overview and Level Annotations

Branches:
Dungeon (3/15)

Altars:
Ashenzari


Innate Abilities, Weirdness & Mutations

You are partially covered in yellow scales (AC +2).
Your flesh is cold resistant.
You are immune to freezing clouds.


Message History

You bump into the rock wall.
The orc wizard closely misses you.
You bump into the rock wall.
You feel less confused. The orc wizard hits you with a dagger.
There is a stone staircase leading down here.
The orc wizard casts a spell at you. The puff of flame hits you!
The orc wizard points at you and mumbles some strange words.
The magic dart hits you!
The orc wizard points at you and mumbles some strange words.
The magic dart hits you!
* * * LOW HITPOINT WARNING * * *
The orc wizard casts a spell at you. The magic dart hits you!
* * * LOW HITPOINT WARNING * * *
The orc wizard points at you and mumbles some strange words.
You resist with some effort.
The orc wizard gestures at you while chanting.
The puff of flame hits you!
You die...

........(######## #.####.# #.#
.......#........# #......# #.#
....)..########.# ######.# #.#
#.####.# ###.# #.# #.# #.# #.#
#...# ##.###.# #.# #.# #.###
#####...##.# #.# #.# #.#
#..........#
#.####.######.#######.###...####
.#..............@......o...##
#.####.######.##...........#
#......# #.##.####.######
#####..# #.##.# #.# #
###..######....# #.#
#...........#..# #.#
#.......###.#..# #.#
#.......###.#..####.#
###...........#.......#


You could see an orc wizard.

Vanquished Creatures
  A gnoll (D:2)
  An adder (D:2)
  2 worms (D:2)
  3 giant geckos
  An orc (D:2)
  A giant cockroach (D:1)
  5 hobgoblins
  2 quokkas (D:2)
  8 bats
  A giant newt (D:2)
  7 goblins
  7 kobolds
  4 rats
43 creatures vanquished.

Notes
Turn   | Place    | Note
--------------------------------------------------------------
     0 | D:1      | imganon the Demonspawn Wizard began the quest for the Orb.
     0 | D:1      | Reached XP level 1. HP: 13/13 MP: 4/4
   107 | D:1      | Found a shattered altar of Ashenzari.
   372 | D:1      | Gained mutation: You are partially covered in yellow scales (AC +2). [demonic ancestry]
   372 | D:1      | Reached XP level 2. HP: 19/19 MP: 0/6
  1136 | D:2      | Reached skill level 1 in Fighting
  1311 | D:2      | Gained mutation: Your flesh is cold resistant. [demonic ancestry]
  1311 | D:2      | Reached XP level 3. HP: 16/26 MP: 1/7
  1436 | D:2      | Learned a level 2 spell: Blink
  1440 | D:2      | Learned a level 3 spell: Mephitic Cloud
  2894 | D:2      | Gained mutation: You are immune to freezing clouds. [demonic ancestry]
  2894 | D:2      | Reached XP level 4. HP: 32/32 MP: 3/8
  2942 | D:2      | HP: 1/32 [orc wizard/magic dart (5)]
  2944 | D:2      | Killed from afar by an orc wizard

Action                   |  1- 3 |  4- 6 || total
-------------------------+-------+-------++-------
Melee: Unarmed           |    36 |       ||    36
 Cast: Magic Dart        |   160 |     6 ||   166
       Blink             |     1 |       ||     1
  Eat: Chunk             |     6 |       ||     6
